[Event "Early Titled Tuesday Blitz | February 8 2022"]
[White "Demchenko, Anton"]
[Black "Navara, David"]
[WhiteFideId "4160258"]
[BlackFideId "309095"]
[WhiteElo "2539"]
[BlackElo "2686"]
[Result "1-0"]
[Round "11"]
[TimeControl "180+1"]
[Date "2022.02.08"]
[WhiteClock "0:00:02"]
[BlackClock "0:00:01"]

1. e4 e5 2. Nf3 Nc6 3. Bc4 Bc5 4. d3 Nf6 5. Bg5 h6 6. Bh4 d6 7. c3 a6 8. Nbd2 Ba7 9. a4 Qe7 10. O-O g5 11. Bg3 Rg8 12. b4 h5 13. h4 gxh4 14. Bxh4 Bh3 15. g3 Bxf1 16. Nxf1 Rg4 17. N1h2 Rxh4 18. Nxh4 Qd7 19. b5 Na5 20. Ba2 axb5 21. axb5 Qh3 22. Qf3 Ke7 23. Nf5+ Kd7 24. d4 Ng4 25. Nf1 Bb6 26. Bxf7 Rf8 27. Bd5 exd4 28. cxd4 Bxd4 29. Ra2 c6 30. bxc6+ bxc6 31. Be6+ Kc7 32. Qa3 Nb7 33. Nxd4 h4 34. Rb2 hxg3 35. Qxg3 Qxg3+ 36. Nxg3 Ne5 37. Bf5 Nc5 38. Ne6+ Nxe6 39. Bxe6 Nd3 40. Rd2 Nf4 41. Bf5 c5 42. Ra2 c4 43. Ne2 1-0


[Site "https://www.chess.com"]

[Event "Early Titled Tuesday Blitz | February 8 2022"]
[White "Dew, Brian"]
[Black "Lehtosaari, Mauri"]
[WhiteFideId "6000495"]
[BlackFideId "501999"]
[WhiteElo "2118"]
[BlackElo "2454"]
[Result "0-1"]
[Round "11"]
[TimeControl "180+1"]
[Date "2022.02.08"]
[WhiteClock "0:00:01"]
[BlackClock "0:00:03"]

1. c4 c6 2. d4 d5 3. g3 Nf6 4. Bg2 a6 5. b3 Bf5 6. Nf3 e6 7. O-O Nbd7 8. h3 h6 9. Re1 Be7 10. Ba3 Bxa3 11. Nxa3 O-O 12. Nb1 Qa5 13. Nbd2 Ne4 14. Nxe4 Bxe4 15. Bf1 Bxf3 16. exf3 Nf6 17. c5 Rfe8 18. f4 Rad8 19. Bd3 Qc7 20. b4 Nd7 21. a4 f5 22. Qb3 Kh8 23. b5 axb5 24. axb5 Nf6 25. b6 Qf7 26. Ra7 Rb8 27. Qd1 Ne4 28. Qf3 Rg8 29. Rea1 Qf6 30. Qe3 g5 31. Kh2 Kh7 32. R1a4 gxf4 33. Qxf4 h5 34. h4 Qg6 35. Be2 Nf6 36. Qd6 Ne4 37. Qf4 Qh6 38. Qxh6+ Kxh6 39. Kg2 Kg6 40. Ra3 Rh8 41. f3 Nf6 42. Bd3 Kh6 43. Ra2 Rhe8 44. Re2 Kg6 45. Ra1 Kf7 46. Rae1 Nd7 47. Ra2 Kf6 48. f4 Ra8 49. Rea1 Rab8 50. Ra7 Kg6 51. Ba6 bxa6 52. Rxd7 Kf6 53. Rxa6 Ra8 54. Rxa8 Rxa8 55. Ra7 Rb8 56. Kf2 Rg8 57. Kf3 Rh8 58. Rd7 Ra8 59. Rc7 Ra3+ 60. Kf2 Rd3 0-1


[Site "https://www.chess.com"]

[Event "Early Titled Tuesday Blitz | February 8 2022"]
[White "Dilmukhametov, Artur"]
[Black "Sahil, Tickoo"]
[WhiteFideId "24179922"]
[BlackFideId "5019710"]
[WhiteElo "2266"]
[BlackElo "2099"]
[Result "0-1"]
[Round "11"]
[TimeControl "180+1"]
[Date "2022.02.08"]
[WhiteClock "0:00:05"]
[BlackClock "0:00:19"]

1. e4 c5 2. Nf3 d6 3. Bb5+ Bd7 4. Bxd7+ Nxd7 5. O-O Ngf6 6. Qe2 a6 7. c3 e6 8. d4 cxd4 9. cxd4 d5 10. e5 Ne4 11. Ne1 Rc8 12. f3 Rxc1 13. fxe4 Nb6 14. Qf3 Qd7 15. Qe3 Rc8 16. Nc3 Be7 17. Nf3 O-O 18. Rad1 dxe4 19. Qxe4 Nd5 20. Nxd5 Qxd5 21. Qxd5 exd5 22. Rc1 f6 23. Kf2 fxe5 24. dxe5 Rc4 25. b3 Re4 26. Rfe1 Bh4+ 27. g3 Bd8 28. Kg2 Ba5 29. Rxe4 dxe4 30. Nd4 e3 31. Rc2 Rd8 32. Nf5 Rd2+ 33. Rxd2 exd2 34. Ne3 Kf7 35. Kf3 Ke6 36. Ke4 Bc3 37. Kd3 Bb4 38. Ke4 b5 39. Nd1 a5 40. g4 a4 41. bxa4 bxa4 42. h3 g6 43. h4 h5 44. gxh5 gxh5 45. Kd4 Ba5 46. Ne3 Bb6+ 47. Kd3 Bxe3 0-1


[Site "https://www.chess.com"]

[Event "Early Titled Tuesday Blitz | February 8 2022"]
[White "Domingo Nunez, Alejandro"]
[Black "Stankovic, Ivan G"]
[WhiteFideId "22245561"]
[BlackFideId "902837"]
[WhiteElo "2215"]
[BlackElo "2195"]
[Result "1-0"]
[Round "11"]
[TimeControl "180+1"]
[Date "2022.02.08"]
[WhiteClock "0:00:13"]
[BlackClock "0:00:01"]

1. c4 c5 2. Nc3 Nc6 3. g3 g6 4. Bg2 Bg7 5. e3 e5 6. Nge2 d6 7. O-O Nge7 8. a3 O-O 9. Rb1 a5 10. Nd5 Rb8 11. b4 axb4 12. axb4 Nxd5 13. cxd5 Nxb4 14. Ba3 Na6 15. d4 exd4 16. exd4 Bf5 17. Rb5 c4 18. Nf4 Bd7 19. Rb1 Qc7 20. Re1 b5 21. Qd2 c3 22. Qd3 Bf5 23. Be4 Bxe4 24. Rxe4 Rfc8 25. Ra1 Qa5 26. Ree1 Qb6 27. Re7 b4 28. Bc1 Bxd4 29. Rxa6 Bxf2+ 30. Kg2 Qd4 31. Qf3 Be1 32. Nd3 Qg7 33. Raa7 Rf8 34. Nxb4 Rxb4 35. Rxe1 c2 36. Re2 Rc4 37. Qd3 Rc3 38. Qd2 Rfc8 39. Qf4 R3c4 40. Qxd6 Qd4 41. Qd7 Rf8 42. Re8 Qg7 43. Rxf8+ Qxf8 44. Qb5 Rd4 45. Qc6 Rd3 46. Ra8 1-0


[Site "https://www.chess.com"]

[Event "Early Titled Tuesday Blitz | February 8 2022"]
[White "Dzhaparov, Medet"]
[Black "Lauridsen, Jesper Morch"]
[WhiteFideId "13803689"]
[BlackFideId "1401890"]
[WhiteElo "1702"]
[BlackElo "2227"]
[Result "1-0"]
[Round "11"]
[TimeControl "180+1"]
[Date "2022.02.08"]
[WhiteClock "0:01:09"]
[BlackClock "0:00:56"]

1. e4 c5 2. Nf3 e6 3. d4 cxd4 4. Nxd4 Nc6 5. Nc3 a6 6. Be3 Nge7 7. a3 Nxd4 8. Bxd4 Nc6 9. Be2 Nxd4 10. Qxd4 Qc7 11. O-O Qc5 12. Qxc5 Bxc5 13. Na4 Ba7 14. c4 d6 15. Rad1 Ke7 16. Nc3 Bd7 17. g3 g5 18. Kg2 h5 19. f4 gxf4 20. Rxf4 h4 21. Rdf1 h3+ 22. Kh1 Raf8 23. b4 Bd4 24. Nd1 Be5 25. R4f3 Bc6 26. Bd3 f5 27. b5 fxe4 28. Rxf8 Rxf8 29. Rxf8 exd3+ 30. bxc6 Kxf8 31. c7 1-0


[Site "https://www.chess.com"]

[Event "Early Titled Tuesday Blitz | February 8 2022"]
[White "Erigaisi Arjun"]
[Black "Shevchenko, Kirill"]
[WhiteFideId "35009192"]
[BlackFideId "14129574"]
[WhiteElo "2745"]
[BlackElo "2624"]
[Result "0-1"]
[Round "11"]
[TimeControl "180+1"]
[Date "2022.02.08"]
[WhiteClock "0:00:06"]
[BlackClock "0:00:13"]

1. c4 Nf6 2. Nc3 g6 3. e4 d6 4. d4 Bg7 5. h3 O-O 6. Be3 Nc6 7. d5 Ne5 8. f4 Ned7 9. g4 c6 10. Bg2 cxd5 11. cxd5 b5 12. Nge2 b4 13. Na4 Ba6 14. Nd4 Qe8 15. Nc6 e6 16. Kf2 exd5 17. exd5 Ne4+ 18. Bxe4 Qxe4 19. Rc1 Rfe8 20. Qf3 Nf6 21. Rhd1 Bb5 22. b3 h5 23. g5 Nd7 24. Nd4 Bxa4 25. bxa4 Nc5 26. Qxe4 Nxe4+ 27. Kf3 Nc3 28. Rd2 Nxd5 29. Bf2 Nc3 30. Nb5 Ne4 31. Re2 Nxf2 32. Kxf2 d5 33. Rd1 d4 34. Nxd4 Rec8 35. Nf3 Rc4 36. Kg3 Rc3 37. Rd7 Ra3 38. Rb7 a5 39. h4 Rc8 40. f5 Rcc3 41. Rf2 Bd4 42. Rf1 Be5+ 43. Kg2 Rxa2+ 44. Rf2 Rcc2 45. Rxc2 Rxc2+ 46. Kh1 Bc3 47. Rb8+ Kh7 48. f6 Rf2 49. Rf8 Rxf3 50. Rxf7+ Kg8 51. Rg7+ Kf8 52. Kg2 Rf4 53. Rxg6 b3 54. Rh6 b2 55. Rh8+ Kf7 56. Rh7+ Ke6 57. Re7+ Kd6 58. Rb7 Bb4 59. f7 b1=Q 0-1


[Site "https://www.chess.com"]

[Event "Early Titled Tuesday Blitz | February 8 2022"]
[White "Fawole, John Oyeyemi"]
[Black "Mejia, Cherry Ann"]
[WhiteFideId "8501319"]
[BlackFideId "5206880"]
[WhiteElo "2091"]
[BlackElo "2007"]
[Result "1-0"]
[Round "11"]
[TimeControl "180+1"]
[Date "2022.02.08"]
[WhiteClock "0:00:17"]
[BlackClock "0:00:02"]

1. e4 c5 2. Nf3 Nc6 3. d4 cxd4 4. Nxd4 Qb6 5. Nb3 Nf6 6. Nc3 e6 7. Be2 a6 8. O-O Be7 9. Be3 Qc7 10. f4 d6 11. Bf3 b5 12. e5 Nd7 13. exd6 Bxd6 14. Na5 Nxa5 15. Bxa8 Nc4 16. Bc1 O-O 17. Be4 Nf6 18. Bd3 Bb7 19. b3 Nb6 20. Bd2 Rd8 21. Qe2 Bc5+ 22. Kh1 Bd4 23. Qe1 Qc6 24. Qg3 b4 25. Ne2 Bxa1 26. Rxa1 Rxd3 27. cxd3 Qc2 28. Qe1 Ng4 29. h3 Qxd3 30. Kg1 Ne3 31. Bxe3 Qxe3+ 32. Qf2 Qe4 33. Ng3 Qd5 34. Rc1 Nd7 35. f5 e5 36. f6 Nxf6 37. Nf5 1-0


[Site "https://www.chess.com"]

[Event "Early Titled Tuesday Blitz | February 8 2022"]
[White "Fier, Alexandr"]
[Black "Kovanova, Baira"]
[WhiteFideId "2107139"]
[BlackFideId "4164083"]
[WhiteElo "2569"]
[BlackElo "2190"]
[Result "1-0"]
[Round "11"]
[TimeControl "180+1"]
[Date "2022.02.08"]
[WhiteClock "0:01:19"]
[BlackClock "0:00:01"]

1. d4 Nf6 2. Bg5 d5 3. e3 c5 4. Bxf6 gxf6 5. Nc3 e6 6. Qh5 Nc6 7. Nf3 cxd4 8. exd4 Bd7 9. Bd3 f5 10. O-O Qf6 11. Rfe1 O-O-O 12. Ne5 Nxe5 13. dxe5 Qg6 14. Qh4 Rg8 15. Bf1 Bc5 16. b4 Bb6 17. a3 Kb8 18. Ne2 Rc8 19. Nd4 Rc4 20. c3 Rxc3 21. Rac1 Rc4 22. Rxc4 dxc4 23. Qe7 Bxd4 24. Qxd7 Bb6 25. g3 f4 26. Bg2 Bc7 27. Qb5 Bb6 28. Qd7 Bc7 29. Qd1 Qd3 30. Qh5 fxg3 31. hxg3 Rd8 32. Qxf7 c3 33. Qxe6 c2 34. Qh6 Qd1 35. Rf1 Qxf1+ 36. Bxf1 Rd1 37. Qf8+ Bd8 38. Kh2 c1=Q 39. Bg2 Qc7 40. Qf3 Rc1 41. e6 Rc3 42. Qd5 Rc6 43. b5 Rd6 44. Qf5 Qe7 45. Bd5 a6 46. bxa6 bxa6 47. Qe4 Bb6 48. Kg2 Ka7 49. Bc4 Bc5 50. Qe5 Rb6 51. Qf5 Rb2 52. Kh3 Rxf2 53. Qe5 Rb2 54. Qe4 Rb6 55. Qe5 1-0


[Site "https://www.chess.com"]

[Event "Early Titled Tuesday Blitz | February 8 2022"]
[White "Flis, Pawel"]
[Black "Yonal, Timur"]
[WhiteFideId "1112864"]
[BlackFideId "44115725"]
[WhiteElo "1735"]
[BlackElo "1762"]
[Result "1-0"]
[Round "11"]
[TimeControl "180+1"]
[Date "2022.02.08"]
[WhiteClock "0:00:20"]
[BlackClock "0:00:01"]

1. e4 c5 2. d4 cxd4 3. Nf3 e6 4. Nxd4 a6 5. Nc3 Qc7 6. Bd3 b5 7. O-O Bb7 8. Qe2 Nf6 9. Bd2 Nc6 10. Nxc6 dxc6 11. Kh1 Be7 12. f4 c5 13. e5 Nd5 14. Nxd5 Bxd5 15. Be4 Qc6 16. Bxd5 Qxd5 17. b3 O-O 18. Ba5 b4 19. a3 Qc6 20. Rfd1 Rab8 21. axb4 cxb4 22. Rd4 Rb5 23. Rc4 Qd5 24. Bc7 Rc5 25. Rd1 Qc6 26. Rxc5 Qxc5 27. Bd6 Bxd6 28. exd6 Rd8 29. d7 Qc6 30. Qd3 f6 31. Qd6 Qxd6 32. Rxd6 Kf7 33. h3 Ke7 34. Rxa6 Rxd7 35. Rb6 Rd4 36. Rb7+ Kf8 37. g3 Rd1+ 38. Kg2 Rd2+ 39. Kf3 Rxc2 40. Rxb4 Rb2 41. Rb7 Kg8 42. g4 1-0


[Site "https://www.chess.com"]

[Event "Early Titled Tuesday Blitz | February 8 2022"]
[White "Gabdrakhmanov, Azat"]
[Black "Sharavdorj, Dashzegve"]
[WhiteFideId "34189197"]
[BlackFideId "4900340"]
[WhiteElo "2279"]
[BlackElo "2366"]
[Result "1-0"]
[Round "11"]
[TimeControl "180+1"]
[Date "2022.02.08"]
[WhiteClock "0:00:34"]
[BlackClock "0:01:36"]

1. e4 e6 2. d4 d5 3. e5 c5 4. c3 Nc6 5. Nf3 Bd7 6. a3 Nge7 7. b4 cxd4 8. cxd4 Ng6 9. Be3 Be7 10. Bd3 Rc8 11. Nbd2 O-O 12. h4 f6 13. h5 Nh8 14. Qb1 f5 15. g4 a5 16. b5 Na7 17. Bf4 Rc3 18. gxf5 exf5 19. b6 Nc6 20. Nf1 a4 21. Bd2 Rb3 22. Qc2 Qxb6 23. Bc3 Be6 24. Rg1 Nf7 25. N1d2 Nh6 26. Nxb3 axb3 27. Qd2 Ng4 28. Rb1 Bxa3 29. Ng5 Nb4 30. Nxe6 Nxd3+ 31. Qxd3 Qxe6 32. f3 Nh6 33. Rxb3 Be7 34. Rxb7 Bh4+ 35. Ke2 f4 36. Rgxg7+ Kh8 37. Rxh7+ Kg8 38. Rbg7# 1-0


[Site "https://www.chess.com"]

[Event "Early Titled Tuesday Blitz | February 8 2022"]
[White "Gabrielian, Artur"]
[Black "Hansen, Eric"]
[WhiteFideId "4131002"]
[BlackFideId "2606771"]
[WhiteElo "2440"]
[BlackElo "2568"]
[Result "0-1"]
[Round "11"]
[TimeControl "180+1"]
[Date "2022.02.08"]
[WhiteClock "0:01:46"]
[BlackClock "0:02:41"]

1. e4 e5 2. Nf3 Nc6 3. Bc4 Bc5 4. d3 Nf6 5. Nc3 h6 6. a3 a6 7. h3 d6 8. O-O O-O 9. b4 Ba7 10. Bb3 Ne7 11. Be3 Ng6 12. Ne2 Be6 13. Bxe6 fxe6 14. c3 Nh5 15. Bxa7 Rxa7 16. Ng3 Nhf4 17. d4 Qf6 18. Nh2 Raa8 19. Qg4 exd4 20. cxd4 Qxd4 21. Nf3 Qf6 22. Rac1 Rf7 23. Rc3 Qxc3 0-1


[Site "https://www.chess.com"]

[Event "Early Titled Tuesday Blitz | February 8 2022"]
[White "Gaehwiler, Gabriel"]
[Black "Vivas Zamora, Fabian Ernesto"]
[WhiteFideId "1314530"]
[BlackFideId "3902480"]
[WhiteElo "2383"]
[BlackElo "1966"]
[Result "1-0"]
[Round "11"]
[TimeControl "180+1"]
[Date "2022.02.08"]
[WhiteClock "0:01:16"]
[BlackClock "0:00:10"]

1. b3 d5 2. Bb2 Bg4 3. Nf3 Bxf3 4. exf3 Nf6 5. g3 Nbd7 6. Bg2 e5 7. O-O Bd6 8. d4 O-O 9. Nd2 exd4 10. Bxd4 Be5 11. Bxe5 Nxe5 12. f4 Ned7 13. Re1 c6 14. Qf3 Qa5 15. Nf1 Rfe8 16. Red1 Nc5 17. Ne3 Qc3 18. Rac1 Nfe4 19. Nf5 Qf6 20. Ne3 Nc3 21. Ng4 Ne2+ 22. Qxe2 Rxe2 23. Nxf6+ gxf6 24. Kf1 Rae8 25. Bf3 R2e7 26. c4 dxc4 27. Rxc4 Ne6 28. Ra4 a6 29. Rc4 c5 30. Bd5 b6 31. Rcc1 Nd4 32. b4 Ne2 33. Rc2 cxb4 34. Bc6 Nc3 35. Rd4 Rc8 36. Bd7 Rc7 37. Bf5 a5 38. Rd6 Kg7 39. Rxb6 Nd5 40. Rxc7 Rxc7 41. Rb5 Nc3 42. Rxa5 Re7 43. Bc2 Rd7 44. Bb3 Rd2 45. Ra7 Ne4 46. Rxf7+ Kg6 47. Re7 Nxf2 48. Ke1 Rb2 49. Re2 Nd3+ 50. Kd1 Rxe2 51. Kxe2 Nc1+ 52. Ke3 Nxb3 53. axb3 Kf5 54. h3 h5 55. Kf3 Ke6 56. g4 h4 57. Ke4 f5+ 58. gxf5+ Kf6 59. Ke3 Kxf5 60. Kf3 Kf6 61. Kg4 Kg6 62. Kxh4 Kf5 63. Kg3 Ke4 64. Kg4 Kd3 65. f5 Kc3 66. f6 Kxb3 67. f7 Kc2 68. f8=Q b3 69. Qc5+ 1-0


[Site "https://www.chess.com"]

[Event "Early Titled Tuesday Blitz | February 8 2022"]
[White "Garcia Martin, Marta"]
[Black "Barp, Alberto"]
[WhiteFideId "32084030"]
[BlackFideId "872555"]
[WhiteElo "2102"]
[BlackElo "2229"]
[Result "1-0"]
[Round "11"]
[TimeControl "180+1"]
[Date "2022.02.08"]
[WhiteClock "0:01:11"]
[BlackClock "0:01:10"]

1. e4 c6 2. Nc3 d5 3. Nf3 Bg4 4. h3 Bxf3 5. Qxf3 e6 6. d4 Nf6 7. Bd3 Bb4 8. e5 Nfd7 9. Qg3 Bf8 10. O-O g6 11. Bg5 Be7 12. Bh6 c5 13. Nb5 cxd4 14. Nxd4 Nc6 15. Nxe6 Qb6 16. Ng7+ Kd8 17. e6 fxe6 18. Nxe6+ Kc8 19. Bf4 Re8 20. Nc7 g5 21. Nxa8 1-0


[Site "https://www.chess.com"]

[Event "Early Titled Tuesday Blitz | February 8 2022"]
[White "Garriga Cazorla, Pere"]
[Black "Al-Tarboush, Ward"]
[WhiteFideId "32011601"]
[BlackFideId "7601450"]
[WhiteElo "2458"]
[BlackElo "2276"]
[Result "0-1"]
[Round "11"]
[TimeControl "180+1"]
[Date "2022.02.08"]
[WhiteClock "0:01:48"]
[BlackClock "0:01:14"]

1. Nf3 d5 2. c4 c6 3. b3 Nf6 4. Bb2 Bf5 5. e3 Nbd7 6. h3 e6 7. Nc3 Bd6 8. g4 Bg6 9. g5 Ne4 10. h4 Bf5 11. Nxe4 dxe4 12. Nd4 Be5 13. Qc2 c5 14. Nxf5 exf5 15. d3 Qa5+ 16. Kd1 O-O-O 17. Kc1 Qe1+ 18. Qd1 Qxd1+ 19. Kxd1 Bxb2 20. Rb1 Be5 21. Kc2 exd3+ 22. Bxd3 g6 23. h5 Nb8 24. f4 Bd6 25. Rh3 Nc6 26. a3 Rde8 27. Rbh1 Rhf8 28. Kd2 Re7 29. Rf3 Rfe8 30. Rfh3 Na5 31. Bc2 Rd8 32. Kc1 a6 33. Rf1 b5 34. cxb5 axb5 35. Bd1 c4 36. b4 Nc6 37. Kc2 Rde8 38. Rff3 Kc7 39. Kb2 Nb8 40. Bc2 Nd7 41. Kb1 Nb6 42. hxg6 hxg6 43. Rh7 Nd5 44. Kb2 Nxe3 45. Bb1 Nd5 46. Bc2 Bxf4 47. a4 Be5+ 48. Ka3 bxa4 49. Kxa4 Kb6 50. Ka3 Ra8+ 51. Ba4 Rxa4+ 52. Kxa4 Ra7# 0-1


[Site "https://www.chess.com"]

[Event "Early Titled Tuesday Blitz | February 8 2022"]
[White "Gelman, Alexander"]
[Black "Potapova, Margarita"]
[WhiteFideId "4118316"]
[BlackFideId "14126869"]
[WhiteElo "2375"]
[BlackElo "2209"]
[Result "0-1"]
[Round "11"]
[TimeControl "180+1"]
[Date "2022.02.08"]
[WhiteClock "0:00:08"]
[BlackClock "0:00:53"]

1. d4 Nf6 2. Nc3 d5 3. Bf4 c5 4. e3 cxd4 5. exd4 a6 6. Nf3 Nc6 7. Ne5 e6 8. Qd2 Bd6 9. O-O-O O-O 10. Qe3 Qc7 11. f3 b5 12. g4 Ne7 13. h4 b4 14. Ne2 Nd7 15. Kb1 Nb6 16. Ng3 f6 17. Nd3 Nc4 18. Qc1 Nc6 19. Bxd6 Qxd6 20. Nf4 Rb8 21. Bxc4 dxc4 22. Ne4 Qc7 23. g5 f5 24. Nc5 Nxd4 25. Nxa6 Bxa6 26. Rxd4 e5 27. Nd5 Qa5 28. Rdd1 Ra8 29. g6 Bb7 30. Ne7+ Kh8 31. a3 bxa3 32. Rd7 axb2 33. Qxb2 c3 0-1


[Site "https://www.chess.com"]

[Event "Early Titled Tuesday Blitz | February 8 2022"]
[White "Goldin, Roman"]
[Black "Avazkhonov, Alikhon"]
[WhiteFideId "2803860"]
[BlackFideId "14208504"]
[WhiteElo "2312"]
[BlackElo "1739"]
[Result "1-0"]
[Round "11"]
[TimeControl "180+1"]
[Date "2022.02.08"]
[WhiteClock "0:00:13"]
[BlackClock "0:00:03"]

1. e4 c6 2. d4 d5 3. f3 g6 4. c4 Bg7 5. Nc3 dxe4 6. d5 exf3 7. Nxf3 Nf6 8. Be2 O-O 9. O-O cxd5 10. cxd5 a6 11. h3 b5 12. Bg5 Bb7 13. d6 Qxd6 14. Qxd6 exd6 15. Rad1 d5 16. Nd4 Ne4 17. Nxe4 dxe4 18. Bf6 Nc6 19. Nb3 Bxf6 20. Rxf6 Rad8 21. Nc5 Rxd1+ 22. Bxd1 Rd8 23. Bb3 Ba8 24. Rxf7 Kh8 25. Ne6 Re8 26. Ng5 Re7 27. Rf8+ Kg7 28. Rxa8 e3 29. Kf1 e2+ 30. Ke1 Nb4 31. Rd8 Re3 32. h4 Nd3+ 33. Rxd3 Rxd3 34. Kxe2 Rd8 35. Ne6+ 1-0


[Site "https://www.chess.com"]

[Event "Early Titled Tuesday Blitz | February 8 2022"]
[White "Golsta, Madara"]
[Black "Bauer, Thomas"]
[WhiteFideId "11607386"]
[BlackFideId "1639293"]
[WhiteElo "1997"]
[BlackElo "2220"]
[Result "0-1"]
[Round "11"]
[TimeControl "180+1"]
[Date "2022.02.08"]
[WhiteClock "0:00:51"]
[BlackClock "0:00:19"]

1. e4 c5 2. Nf3 e6 3. d4 cxd4 4. Nxd4 Nc6 5. Nc3 Qc7 6. Be3 a6 7. Be2 Nf6 8. O-O Be7 9. f4 d6 10. Qd2 O-O 11. Rae1 Rd8 12. f5 Nxd4 13. Bxd4 e5 14. Be3 b5 15. a3 Bb7 16. Bf3 Rac8 17. Re2 Qc4 18. Bg5 h6 19. Bh4 d5 20. exd5 Qxh4 21. Rd1 Bc5+ 22. Kh1 Bd4 23. Ne4 Bxd5 24. Nxf6+ Qxf6 25. Bxd5 Rxd5 26. c3 Rcd8 27. cxd4 Rxd4 28. Qxd4 Rxd4 29. Rxd4 exd4 30. g4 Qc6+ 31. Kg1 d3 32. Rd2 Qc1+ 0-1


[Site "https://www.chess.com"]

[Event "Early Titled Tuesday Blitz | February 8 2022"]
[White "Goltseva, Ekaterina"]
[Black "Urazayev, Arystanbek"]
[WhiteFideId "24173770"]
[BlackFideId "13709810"]
[WhiteElo "2140"]
[BlackElo "2321"]
[Result "0-1"]
[Round "11"]
[TimeControl "180+1"]
[Date "2022.02.08"]
[WhiteClock "0:00:04"]
[BlackClock "0:01:46"]

1. d4 Nf6 2. c4 e6 3. Nc3 Bb4 4. g3 O-O 5. Bg2 Bxc3+ 6. bxc3 d6 7. e4 e5 8. Ne2 Nc6 9. O-O Re8 10. Qd3 Qe7 11. Bg5 h6 12. Bxf6 Qxf6 13. f4 Qe7 14. fxe5 dxe5 15. c5 Bg4 16. Rad1 Rad8 17. Bf3 Bxf3 18. Qxf3 exd4 19. cxd4 Qxe4 20. Qxf7+ Kh8 21. Nf4 Nxd4 22. Ng6+ Kh7 23. h4 Qxg6 24. Qxc7 Re2 25. Qxd8 Qxg3+ 26. Kh1 Qg2# 0-1


[Site "https://www.chess.com"]

[Event "Early Titled Tuesday Blitz | February 8 2022"]
[White "Gunina, Valentina"]
[Black "Manukyan, Artyom"]
[WhiteFideId "4167570"]
[BlackFideId "13305786"]
[WhiteElo "2465"]
[BlackElo "2034"]
[Result "1/2-1/2"]
[Round "11"]
[TimeControl "180+1"]
[Date "2022.02.08"]
[WhiteClock "0:01:30"]
[BlackClock "0:00:15"]

1. d4 d5 2. c4 e6 3. Nf3 Nf6 4. Nc3 c5 5. cxd5 Nxd5 6. e4 Nxc3 7. bxc3 cxd4 8. cxd4 Bb4+ 9. Bd2 Bxd2+ 10. Qxd2 O-O 11. Bc4 Nd7 12. O-O b6 13. Rfe1 Bb7 14. Rad1 Rc8 15. Bb3 Re8 16. Qf4 Qf6 17. Qe3 Qh6 18. Qe2 Qf4 19. g3 Qg4 20. Qe3 a6 21. Rd2 b5 22. a4 Kh8 23. axb5 axb5 24. Bd1 Qg6 25. Be2 Qxe4 26. Qxe4 Bxe4 27. Bxb5 Bc6 28. Bxc6 Rxc6 29. d5 Rd6 30. dxe6 Rxd2 31. Nxd2 Rxe6 32. Ra1 g6 33. Ra7 Ne5 34. f4 Ng4 35. Rxf7 Re1+ 36. Kg2 Re2+ 37. Kf3 Rxd2 38. Kxg4 Rxh2 39. Kg5 Rh5+ 40. Kf6 Rf5+ 41. Ke6 Ra5 42. Re7 Kg8 43. g4 Ra6+ 44. Ke5 Ra5+ 45. Kf6 Ra6+ 46. Re6 Rxe6+ 47. Kxe6 Kf8 48. Kf6 h5 49. gxh5 gxh5 50. Kg5 Kg7 1/2-1/2


[Site "https://www.chess.com"]

[Event "Early Titled Tuesday Blitz | February 8 2022"]
[White "Dronavalli, Harika"]
[Black "Rustemov, Alexander"]
[WhiteFideId "5015197"]
[BlackFideId "4119002"]
[WhiteElo "2382"]
[BlackElo "2832"]
[Result "1/2-1/2"]
[Round "11"]
[TimeControl "180+1"]
[Date "2022.02.08"]
[WhiteClock "0:00:21"]
[BlackClock "0:00:07"]

1. d4 d5 2. c4 dxc4 3. Nf3 Nf6 4. Qa4+ c6 5. Qxc4 Bf5 6. Nbd2 e6 7. g3 Be7 8. Bg2 O-O 9. O-O Nbd7 10. Re1 Ne4 11. Qb3 Nb6 12. Nc4 Qd5 13. Nfe5 Nxc4 14. Qxc4 Rfd8 15. Be3 Bf6 16. Qb4 c5 17. dxc5 Bxe5 18. g4 Bg6 19. Rad1 Qc6 20. h4 h6 21. Rc1 a5 22. Qb3 Bd4 23. h5 Bh7 24. Bxd4 Rxd4 25. e3 Rb4 26. Qd3 Rxb2 27. Red1 g5 28. hxg6 Bxg6 29. Qd4 Rxa2 30. Qe5 Rc8 31. Rd6 Qxd6 32. cxd6 Rxc1+ 33. Kh2 Nxd6 34. Qxd6 Rxf2 35. Kg3 Rcc2 36. Qd8+ Kh7 37. Bf3 Rfd2 38. Qf6 b5 39. Be4 Rc7 40. Bxg6+ fxg6 41. Qxe6 Rg7 42. Qb6 Rdd7 43. Qxa5 Rb7 44. Qb4 Rgc7 45. e4 g5 46. e5 Kg7 47. e6 Kf6 48. Qd6 Re7 49. Qd4+ Kxe6 50. Qe4+ Kf7 51. Qd5+ Kg7 52. Qd4+ Kg8 53. Qd5+ Kf8 54. Qd8+ Kf7 55. Qd5+ Kg7 56. Qd4+ Kg6 57. Qd6+ Kf7 58. Qd5+ 1/2-1/2


[Site "https://www.chess.com"]

[Event "Early Titled Tuesday Blitz | February 8 2022"]
[White "Hartikainen, Jarmo"]
[Black "Rudykh, Stepan"]
[WhiteFideId "503134"]
[BlackFideId "4180321"]
[WhiteElo "2104"]
[BlackElo "2142"]
[Result "1/2-1/2"]
[Round "11"]
[TimeControl "180+1"]
[Date "2022.02.08"]
[WhiteClock "0:00:05"]
[BlackClock "0:00:06"]

1. e4 e6 2. d4 d5 3. Nc3 Bb4 4. e5 c5 5. a3 Bxc3+ 6. bxc3 Ne7 7. Qg4 cxd4 8. Qxg7 Rg8 9. Qxh7 Qc7 10. Ne2 Nbc6 11. f4 Bd7 12. Qd3 dxc3 13. Rb1 Nf5 14. Rg1 Rc8 15. g4 Nh4 16. Rg3 Na5 17. Nxc3 a6 18. Kd1 Nc4 19. a4 Qc5 20. Rxb7 Qf2 21. Rxd7 Kxd7 22. Nxd5 exd5 23. Qxd5+ Ke8 24. Bd3 Nb6 25. Qe4 Rd8 26. Be3 Qf1+ 27. Kd2 Qb1 28. Rh3 Qb4+ 29. Kc1 Qa3+ 30. Kd2 Nxa4 31. Rxh4 Qc3+ 32. Ke2 Nb2 33. g5 Nxd3 34. cxd3 Qc2+ 35. Bd2 Rxd3 36. Qxd3 Qxd3+ 37. Kxd3 Ke7 38. Ke4 Rd8 39. Rh6 Rxd2 40. h4 Re2+ 41. Kf5 Rh2 42. Rxa6 Rxh4 43. g6 fxg6+ 44. Kg5 Rh5+ 45. Kxg6 Rh2 46. f5 Rg2+ 47. Kh5 Rh2+ 48. Kg4 Rg2+ 49. Kf4 Rf2+ 50. Ke4 Re2+ 51. Kf4 Rf2+ 52. Ke4 Re2+ 53. Kf4 Rf2+ 1/2-1/2


[Site "https://www.chess.com"]

[Event "Early Titled Tuesday Blitz | February 8 2022"]
[White "Hess, Robert"]
[Black "Grandelius, Nils"]
[WhiteFideId "2022036"]
[BlackFideId "1710400"]
[WhiteElo "2557"]
[BlackElo "2617"]
[Result "1/2-1/2"]
[Round "11"]
[TimeControl "180+1"]
[Date "2022.02.08"]
[WhiteClock "0:00:43"]
[BlackClock "0:00:48"]

1. b3 d5 2. Bb2 Bg4 3. d3 Nd7 4. Nd2 e5 5. h3 Bh5 6. Ngf3 Bd6 7. g4 Bg6 8. Bg2 Ne7 9. Nh4 c6 10. e3 a5 11. a3 h5 12. Qe2 hxg4 13. hxg4 Nc5 14. O-O-O Ne6 15. Kb1 Qd7 16. Nxg6 Rxh1 17. Rxh1 Nxg6 18. c4 d4 19. Be4 dxe3 20. fxe3 O-O-O 21. Nf3 Nc5 22. Bf5 Ne6 23. Ng5 Ngf8 24. Rh8 g6 25. Nxe6 Nxe6 26. Rxd8+ Kxd8 27. Bxe6 Qxe6 1/2-1/2


[Site "https://www.chess.com"]

[Event "Early Titled Tuesday Blitz | February 8 2022"]
[White "Hoffmann, Asa"]
[Black "Demin, Vladimir"]
[WhiteFideId "2001470"]
[BlackFideId "4167457"]
[WhiteElo "2117"]
[BlackElo "2487"]
[Result "0-1"]
[Round "11"]
[TimeControl "180+1"]
[Date "2022.02.08"]
[WhiteClock "0:01:23"]
[BlackClock "0:01:32"]

1. d4 Nf6 2. Bg5 Ne4 3. Bf4 d5 4. f3 Nd6 5. Nc3 c6 6. e4 e6 7. Qd2 b5 8. Bd3 Nc4 9. Bxc4 bxc4 10. Nge2 Bd6 11. O-O O-O 12. b3 Ba6 13. Rfe1 Bxf4 14. Qxf4 Nd7 15. Ng3 Qf6 16. Qe3 Rab8 17. Rad1 Rfc8 18. f4 Nf8 19. e5 Qd8 20. f5 c5 21. dxc5 Qc7 22. f6 Qxc5 23. Rd4 cxb3 24. Qg5 Qxd4+ 25. Kh1 Ng6 26. fxg7 Qxc3 27. Rg1 Qxe5 0-1


[Site "https://www.chess.com"]